 Dungeon Crawl Stone Soup version 0.22-a0-352-gc608dd7 (webtiles) character file.

391 mortelune the Conjurer (level 6, -6/41 HPs)
             Began as a Demonspawn Wizard on Apr 14, 2018.
             Was an Initiate of Ashenzari.
             Killed by divine providence
             ... invoked by an orc priest
              (13 damage)
             ... on level 4 of the Dungeon.
             The game lasted 00:15:06 (3979 turns).

mortelune the Conjurer (Demonspawn Wizard)          Turns: 3979, Time: 00:15:06

Health: -6/41      AC:  3    Str:  7    XL:     6   Next: 50%
Magic:  13/21      EV: 12    Int: 21    God:    Ashenzari [......]
Gold:   109        SH:  0    Dex: 12    Spells: 5/13 levels left

rFire    + . .     SeeInvis .   w - +0 battleaxe (curse)
rCold    . . .     Gourm    .   (shield currently unavailable)
rNeg     . . .     Faith    .   a - +0 robe
rPois    +         Spirit   .   b - +0 hat
rElec    .         Reflect  .   (no cloak)
rCorr    .         Harm     .   (no gloves)
MR       .....                  f - +0 pair of boots
Stlth    ++........             l - amulet of magic regeneration (curse)
HPRegen  0.13/turn              A - ring of poison resistance (curse)
MPRegen  0.42/turn              o - ring of magical power (curse)

@: slowed, very slow
A: hooves 1, fire resistance 1, powered by death 1, flame cloud immunity
a: Curse Item, Renounce Religion


You were on level 4 of the Dungeon.
You worshipped Ashenzari.
Ashenzari was noncommittal.
You were not hungry.

You visited 1 branch of the dungeon, and saw 4 of its levels.
You also visited: Sewer.

You collected 109 gold pieces.

Inventory:

Hand Weapons
 e - a +0 dagger of venom
 w - a cursed +0 battleaxe (weapon)
 B - a +1 short sword of freezing
Armour
 a - a +0 robe (worn)
 b - a +0 hat (worn)
 f - a +0 pair of boots (worn)
Jewellery
 k - an uncursed ring of resist corrosion
 l - a cursed amulet of magic regeneration (around neck)
 o - a cursed ring of magical power (right hand)
 v - an uncursed ring of stealth
 y - an uncursed ring of protection from cold
 A - a cursed ring of poison resistance (left hand)
Wands
 p - a wand of acid (4)
Scrolls
 h - a scroll of identify
 i - 2 scrolls of fog {unknown}
 n - 2 scrolls of teleportation {unknown}
 q - a scroll of amnesia
 r - a scroll of random uselessness {unknown}
 t - 3 scrolls of blinking {unknown}
 C - 3 scrolls of fear {unknown}
Potions
 c - a potion of lignification {unknown}
 g - a potion of cancellation {unknown}
 j - 4 potions of curing
 s - 5 potions of flight {unknown}
 u - a potion of haste {unknown}
 x - a potion of invisibility {unknown}
 z - a potion of agility {unknown}
 D - 2 potions of heal wounds {unknown}
 E - a potion of magic {unknown}
Comestibles
 d - 7 rations


   Skills:
 - Level 1.7 Dodging
 - Level 1.7 Stealth
 + Level 4.3 Spellcasting
 * Level 5.1 Conjurations
 - Level 1.0 Summonings
 - Level 0.8 Translocations
 + Level 2.1 Air Magic


You had 5 spell levels left.
You knew the following spells:

 Your Spells              Type           Power        Failure   Level  Hunger
a - Magic Dart            Conj           ####         1%          1    None
b - Call Imp              Summ           #.......     12%         2    #......
c - Mephitic Cloud        Conj/Pois/Air  ##......     13%         3    ##.....
d - Blink                 Tloc           N/A          12%         2    #......


Dungeon Overview and Level Annotations

Branches:
Dungeon (4/15)
 Temple: D:4-7

Altars:
Ashenzari
Dithmenos
Gozag
Kikubaaqudgha
Nemelex Xobeh
Sif Muna
The Shining One


Innate Abilities, Weirdness & Mutations

You have large cloven feet.
Your flesh is heat resistant. (rF+)
You regenerate a little health from kills.
You are immune to clouds of flame.


Message History

The orc priest hits you with a hand axe.
Casting: Magic Dart (safe; 1% risk of failure)
Confirm with . or Enter, or press ? or * to list all spells.
Aiming: Magic Dart (safe; 1% risk of failure)
Press: ? - help, Shift-Dir - straight line, f/p - orc priest
Aim: an orc priest, wielding a hand axe and wearing a leather armour The magic dart hits the orc priest.
The orc priest is lightly wounded.
The orc priest hits you with a hand axe. x2
* * * LOW HITPOINT WARNING * * *
Casting: Magic Dart (safe; 1% risk of failure)
Confirm with . or Enter, or press ? or * to list all spells.
Aiming: Magic Dart (safe; 1% risk of failure)
Press: ? - help, Shift-Dir - straight line, f/p - orc priest
Aim: an orc priest, wielding a hand axe and wearing a leather armour (lightly wounded)
The magic dart hits the orc priest.
The orc priest is heavily wounded.
The orc priest invokes the aid of Beogh against you.
Beogh smites you!
You die...

#............# .#
##..........##
.###....##....#
..#..#####.##.# ....##
###..#.# #.## #.. ..
#)### #.# #)o.# ##.###
#@#..##..P.#
#5##.......##
#..###......##
####..###.8.8.<##
#..........####.###
#.....8......###...##
#......8.P.....##.#...
..........P<...##.####
#..............##.#


You could see an orc priest and a friendly white imp.

Vanquished Creatures
  A bullfrog zombie (D:4)
  A hound (D:3)
  2 orc wizards (D:4)
  An iguana (D:4)
  A hound zombie (D:4)
  A gnoll (D:1)
  6 adders
  A river rat (Sewer)
  An ooze (D:1)
  An adder zombie (D:4)
  A worm (Sewer)
  A dart slug (D:1)
  3 orcs (D:4)
  3 ball pythons (Sewer)
  5 bats
  5 giant cockroaches
  4 goblins
  7 hobgoblins
  4 jackals (D:1)
  A ball python zombie (D:4)
  2 frilled lizards (D:1)
  A jackal zombie (D:4)
  16 kobolds
  A leopard gecko skeleton (D:4)
  4 rats
74 creatures vanquished.

Vanquished Creatures (collateral kills)
  The ghost of Anon1729 the Firebug, a weakling DsFE (D:3)
  2 orc wizards
  2 adders
  2 river rats (D:4)
  2 orcs (D:3)
  A hobgoblin (D:1)
  A frilled lizard (D:4)
  A goblin (D:2)
  2 kobolds (Sewer)
  A rat (D:4)
15 creatures vanquished.

Vanquished Creatures (others)
  4 toadstools (D:1)
4 creatures vanquished.

Grand Total: 93 creatures vanquished

Notes
Turn   | Place    | Note
-------+----------+-------------------------------------------
     0 | D:1      | mortelune the Demonspawn Wizard began the quest for the Orb.
     0 | D:1      | Reached XP level 1. HP: 13/13 MP: 4/4
   105 | D:1      | Gained mutation: You regenerate a little health from kills. [demonic ancestry]
   105 | D:1      | Reached XP level 2. HP: 19/19 MP: 0/6
   109 | D:1      | Learned a level 2 spell: Call Imp
   341 | D:1      | Reached skill level 2 in Conjurations
   774 | D:1      | Gained mutation: Your flesh is heat resistant. (rF+) [demonic ancestry]
   774 | D:1      | Reached XP level 3. HP: 24/24 MP: 2/7
   839 | D:1      | Learned a level 3 spell: Mephitic Cloud
   842 | D:1      | Learned a level 2 spell: Blink
  1206 | D:2      | Found a shadowy altar of Dithmenos.
  1443 | D:2      | Found a glowing golden altar of the Shining One.
  1583 | D:2      | Reached skill level 3 in Conjurations
  2226 | D:1      | Gained mutation: You have large cloven feet. [demonic ancestry]
  2226 | D:1      | Reached XP level 4. HP: 30/30 MP: 9/9
  2799 | D:3      | Noticed Anon1729's ghost (weakling DsFE)
  2806 | D:3      | Killed Anon1729's ghost
  2898 | D:3      | Found an opulent altar of Gozag.
  2899 | D:3      | Found a shattered altar of Ashenzari.
  2899 | D:3      | Found an ancient bone altar of Kikubaaqudgha.
  2903 | D:3      | Found a sparkling altar of Nemelex Xobeh.
  2905 | D:3      | Found a deep blue altar of Sif Muna.
  2909 | D:3      | Became a worshipper of Ashenzari the Shackled
  3157 | D:4      | Reached skill level 1 in Air Magic
  3157 | D:4      | Gained mutation: You are immune to clouds of flame. [demonic ancestry]
  3157 | D:4      | Reached XP level 5. HP: 18/35 MP: 10/10
  3172 | D:4      | Found a glowing drain.
  3186 | D:4      | Reached skill level 4 in Conjurations
  3242 | Sewer    | Entered a sewer
  3710 | D:3      | Reached XP level 6. HP: 24/41 MP: 12/12
  3971 | D:4      | Reached skill level 5 in Conjurations
  3979 | D:4      | Killed from afar by an orc priest

Vault maps used:
D:1:      ldierk_water_garden
D:2:      lemuel_coloured_pillars_altar, serial_glass, glass_columns_b,
          glass_columns_c, glass_columns_a, hangedman_abyss_or_decor_stabs,
          nicolae_tso_swordbearing_angel
D:3:      minitemple
D:4:      gammafunk_temple_overflow_pools, minmay_temple_entry_nine_rooms,
          portal_sewer_entry_a, first_ration, serial_undead, serial_undead_d,
          serial_undead_c, serial_undead_c, serial_undead_c, serial_undead_a,
          serial_undead_b, serial_undead_c, serial_undead_f, serial_shops, shop
Sewer:    sewer_co_15_rooms

Skill      XL: |  1  2  3  4  5  6 |
---------------+-------------------+-----
Conjurations   | 2 3 4 5 |  5.1
Air Magic      | 1 2 |  2.1
Spellcasting   | 4 |  4.3
Dodging        | |  1.7
Stealth        | |  1.7
Summonings     | |  1.0
Translocations | |  0.8

Action                   |  1- 3 |  4- 6 || total
-------------------------+-------+-------++-------
Melee: Unarmed           |     3 |       ||     3
       Dagger            |     5 |       ||     5
       Battleaxe         |       |     1 ||     1
 Cast: Magic Dart        |    89 |   132 ||   221
       Call Imp          |     2 |    23 ||    25
Invok: Curse Item        |       |     3 ||     3
  Use: Scroll            |       |     5 ||     5
  Eat: Chunk             |     3 |     7 ||    10
Armor: Robe              |     7 |     8 ||    15
Dodge: Dodged            |    25 |    36 ||    61

Table legend:
 A = Spawn XP
 B = Non-spawn XP
 C = Spawn XP percentage of total XP
 D = Spawn monster count
 E = Non-spawn monster count
 F = Spawn count percentage of total count
 G = Total turns spent on level
                    A         B        C        D         E        F      G
               +---------+---------+-------+---------+---------+-------+---------
         Total |       0 |     559 |   0.0 |       0 |      89 |   0.0 |  3979
               +---------+---------+-------+---------+---------+-------+---------
           D:1 |       0 |      70 |   0.0 |       0 |      31 |   0.0 |  1484
           D:2 |       0 |      37 |   0.0 |       0 |       9 |   0.0 |  1107
           D:3 |       0 |     114 |   0.0 |       0 |      10 |   0.0 |   678
           D:4 |       0 |     260 |   0.0 |       0 |      21 |   0.0 |   291
         Sewer |       0 |      78 |   0.0 |       0 |      18 |   0.0 |   419
               +---------+---------+-------+---------+---------+-------+---------
